 Dungeon Crawl Stone Soup version 0.30.1-9-gdf580d7c3d (webtiles) character file.

Game seed: 4095347269447656377

53 KittyFluff the Trooper (level 3, 0/34 HPs)
             Began as a Gargoyle Berserker on Oct 7, 2023.
             Was a Believer of Trog.
             Slain by Crazy Yiuf
             ... wielding a +3 quarterstaff of chaos
              (4 damage)
             ... on level 3 of the Dungeon.
             The game lasted 00:08:15 (1846 turns).

KittyFluff the Trooper (Gargoyle Berserker)         Turns: 1846, Time: 00:08:16

Health: 0/34       AC:  7    Str: 22    XL:     3   Next: 87%
Magic:  3/3        EV: 11    Int:  7    God:    Trog [**....]
Gold:   81         SH:  0    Dex:  9    Spells: 2/2 levels left

rFire   . . .        a - +0 mace
rCold   . . .        (no shield)
rNeg    + . .        h - +0 leather armour
rPois   ∞            (no helmet)
rElec   +            (no cloak)
rCorr   .            (no gloves)
SInv    .            n - +0 pair of boots
Will    .....        (no amulet) Stlth
                     (no ring)
HPRegen 0.25/turn    (no ring)
MPRegen 0.08/turn

%: no passive effects
@: berserking, very quick
A: sickness immunity, AC +3, negative energy resistance 1, electricity
resistance, torment resistance 1, petrification resistance
a: Renounce Religion, Berserk, Trog's Hand


You were on level 3 of the Dungeon.
You worshipped Trog.
Trog was pleased with you.
You visited 1 branch of the dungeon, and saw 3 of its levels.

You collected 114 gold pieces.
You spent 33 gold pieces at shops.

Inventory:

Hand Weapons
 a - a +0 mace (weapon)
 k - a +0 sling
Armour
 h - a +0 leather armour (worn)
 n - a +0 pair of boots (worn)
 q - a +1 ring mail of poison resistance
Jewellery
 o - a ring of magical power
Scrolls
 c - a scroll of noise {unknown}
 g - a scroll of brand weapon {unknown}
 i - a scroll of blinking {unknown}
 l - 3 scrolls of teleportation
 m - 2 scrolls of vulnerability {unknown}
 p - a scroll of immolation {unknown}
 s - 2 scrolls of amnesia {unknown}
Potions
 b - a potion of haste
 d - 2 potions of attraction
 f - a potion of resistance
 j - a potion of might
 r - a potion of mutation
 t - a potion of curing


   Skills:
 + Level 3.6 Fighting
 * Level 3.6 Maces & Flails
 * Level 3.1 Armour
 + Level 2.0 Dodging


You had 2 spell levels left.
You didn't know any spells.
Your spell library was empty.

Dungeon Overview and Level Annotations

Branches:
Dungeon (3/15)

Altars:
Nemelex Xobeh

Shops:
D:2 [*(*:

Annotations:
D:3 Crazy Yiuf


Innate Abilities, Weirdness & Mutations

You are immune to sickness and miasma.
Your stone body is resilient. (AC +3)
You are immune to poison.
You resist negative energy. (rN+)
You are resistant to electric shocks. (rElec)
You are resistant to unholy torment.
You are immune to petrification.


Message History

Found a gluggy clear potion.
You now have 81 gold pieces (gained 14).
t - a gluggy clear potion
There is a stone staircase leading up here.
Found a dagger.
A goblin comes into view. It is wielding a +0 club.
The goblin shouts!
The goblin closely misses you.
You completely miss the goblin. The goblin barely misses you.
You barely miss the goblin. The goblin hits you but does no damage.
You thump the goblin!
You kill the goblin!
Trog accepts your kill.
Things that are here:
a +0 club; a goblin corpse
As you read the scroll of identify, it crumbles to dust.
r - a potion of mutation
As you read the scroll of identify, it crumbles to dust.
t - a potion of curing
Found a hammer.
Found a runed translucent door.
Crazy Yiuf shouts!
Crazy Yiuf flaps his cloak.
Press: ? - help, v - describe, . - travel
Here: Crazy Yiuf, wielding a +3 quarterstaff of chaos and wearing a +0 cloak (fire blocked by a runed translucent door)
The floor.
You open the door.
A red film seems to cover your vision as you go berserk!
You feel yourself moving faster!
You feel mighty!
Crazy Yiuf screams, "Fluff tortoise ladder!"
Crazy Yiuf hits you with a +3 quarterstaff of chaos!
Crazy Yiuf freezes you.
You sock Crazy Yiuf!
Crazy Yiuf is moderately wounded.
Crazy Yiuf hits you with a +3 quarterstaff of chaos!
You sock Crazy Yiuf!
Crazy Yiuf is almost dead.
Crazy Yiuf hits you with a +3 quarterstaff of chaos!
* * * LOW HITPOINT WARNING * * *
Crazy Yiuf freezes you.
You die...

###♣♣♣♣♣ ##....♣.♣♣♣
###
#######...P..♣..♣#...#
............♣♣♣♣@g...#
#######....♣♣ ♣♣#..)#
####♣♣ ###


You could see Crazy Yiuf.

Vanquished Creatures
  An adder (D:2)
  3 dart slugs (D:2)
  3 endoplasms (D:1)
  A giant cockroach (D:2)
  6 goblins
  5 hobgoblins
  2 ball pythons (D:1)
  6 bats
  2 frilled lizards
  3 kobolds (D:2)
  5 rats
37 creatures vanquished.

Notes
Turn   | Place    | Note
-------+----------+-------------------------------------------
     0 | D:1      | KittyFluff the Gargoyle Berserker began the quest for the
                  | Orb.
     0 | D:1      | Reached XP level 1. HP: 14/14 MP: 1/1
   253 | D:1      | Reached XP level 2. HP: 19/19 MP: 2/2
   429 | D:1      | Found a faded altar of an unknown god.
  1272 | D:2      | Reached XP level 3. HP: 23/23 MP: 3/3
  1343 | D:2      | Found Fipozo's General Store.
  1345 | D:2      | Found Opidouph's Armour Shop.
  1349 | D:2      | Reached ** piety under Trog
  1365 | D:2      | Bought a scroll of teleportation for 33 gold pieces
  1403 | D:2      | Found Miylasem's General Store.
  1430 | D:2      | Found Quba's Book Shop.
  1450 | D:2      | Found Ihaud's Antique Weapon Shop.
  1667 | D:2      | Found a sparkling altar of Nemelex Xobeh.
  1839 | D:3      | Found a runed translucent door.
  1840 | D:3      | Noticed Crazy Yiuf
  1846 | D:3      | Slain by Crazy Yiuf

Illustrated notes

Levels and vault maps discovered:
D:1:      minmay_arrival_loop, layout_basic, ebering_ecumenical_altar_webs,
          minmay_tripent
D:2:      layout_rooms, serial_shops, nicolae_diamond_shop, shop, shop,
          shop_statue, shop_fountains, basic_altar, kennysheep_generic_room_4
D:3:      layout_rooms, dreamdust_princess_bridge, uniq_crazy_yiuf_cottage

Skill      XL: |  1  2  3 |
---------------+----------+-----
Armour         | 3 |  3.1
Dodging        | 2 |  2.0
Fighting       | |  3.6
Maces & Flails | |  3.6

Action                     || total
---------------------------++-------
  Melee: Mace              ||   108
 Invoke: Berserk           ||     1
    Use: Scroll            ||     6
 Armour: Animal skin       ||     7
         Leather armour    ||    41
  Dodge: Dodged            ||    64
